 Dungeon Crawl Stone Soup version 0.29-a0-676-ga64570c9d2 (webtiles) character file.

Game seed: 15008757433581336486

36 blackman the Sneak (level 3, -7/29 HPs)
             Began as a Human Delver on June 25, 2022.
             Splashed by a jelly's acid (9 damage)
             ... on level 4 of the Dungeon.
             The game lasted 00:01:40 (439 turns).

blackman the Sneak (Human Delver)                    Turns: 439, Time: 00:01:40

Health: -7/29      AC: -1    Str: 14    XL:     3   Next: 57%
Magic:  3/3        EV: 12    Int: 10    God:
Gold:   18         SH:  0    Dex: 14    Spells: 2/2 levels left

rFire   . . .      SeeInvis .   a - +0 spear
rCold   . . .      Faith    .   (no shield)
rNeg    . . .      Spirit   .   b - +0 leather armour
rPois   .          Reflect  .   (no helmet)
rElec   .          Harm     .   (no cloak)
rCorr   .          Rampage  .   (no gloves)
Will    .....                   (no boots)
Stlth   +++.......              (no amulet)
HPRegen 0.09/turn               (no ring)
MPRegen 0.08/turn               (no ring)

@: corroded
A: no striking features
a: no special abilities


You were on level 4 of the Dungeon.
You visited 1 branch of the dungeon, and saw 2 of its levels.

You collected 18 gold pieces.

Inventory:

Hand Weapons
 a - a +0 spear (weapon)
Armour
 b - a +0 leather armour (worn)
Wands
 g - a wand of digging (3)
Scrolls
 c - a scroll of fog
 e - a scroll of fear
 f - a scroll of torment {unknown}
 h - a scroll of magic mapping
Potions
 d - a potion of lignification {unknown}


   Skills:
 - Level 3.0 Fighting
 * Level 2.9(3.2) Axes
 - Level 2.0(2.7) Polearms
 - Level 2.0 Dodging
 - Level 5.0 Stealth


You had 2 spell levels left.
You didn't know any spells.
Your spell library was empty.

Dungeon Overview and Level Annotations

Branches:
Dungeon (5/15)
 Temple: D:4-7

Altars:
Cheibriados
Uskayaw


Message History

An endoplasm is nearby!
The endoplasm quivers.
You hit the endoplasm.
The endoplasm is lightly wounded.
The endoplasm freezes you.
You are frozen.
You hit the endoplasm.
The endoplasm is severely wounded.
The endoplasm closely misses you.
You hit the endoplasm but do no damage.
The endoplasm is severely wounded.
The endoplasm completely misses you.
You hit the endoplasm.
You kill the endoplasm!
No target in view!
No target in view!
HP restored.
Key pressed, stopping explore.
Key pressed, stopping explore.
You see here 12 gold pieces.
A jelly is nearby!
A jelly is nearby!
A jelly is nearby!
You reach to attack!
The jelly quivers.
You hit the jelly.
The jelly is moderately wounded.
You hit the jelly but do no damage.
Your hands burn!
The jelly is moderately wounded.
The jelly hits you. The acid corrodes you!
You are splashed with acid!
You hit the jelly but do no damage.
Your hands burn!
The jelly is moderately wounded.
The jelly hits you.
You are splashed with acid.
* * * LOW HITPOINT WARNING * * *
You are too injured to fight recklessly!
The jelly attacks as you move away! The jelly barely misses you.
The jelly attacks as you move away! The jelly hits you.
* * * LOW HITPOINT WARNING * * *
You are splashed with acid!
You die...

#...##..# #.#
#._.##..# #.#
#...##..######.#
#..........)....
##.P.##..######.#
##...$....# #.. .
#.....###.# ###
... #...P.#
.....###@.$..##
#......J......#
#..........#.....
#...#......#..##..
#.. ####.#.#..?. .
# #...#.#### .....
##.... ....#


You could see a jelly.

Vanquished Creatures
  An iguana (D:4)
  A worm (D:4)
  An orc (D:4)
  An endoplasm (D:4)
  3 kobolds (D:4)
7 creatures vanquished.

Vanquished Creatures (others)
  4 plants (D:4)
4 creatures vanquished.

Grand Total: 11 creatures vanquished

Notes
Turn   | Place    | Note
-------+----------+-------------------------------------------
     0 | D:5      | blackman the Human Delver began the quest for the Orb.
     0 | D:5      | Reached XP level 1. HP: 18/18 MP: 1/1
    61 | D:4      | Noticed an iguana
   112 | D:4      | Killed an iguana
   113 | D:4      | Reached XP level 2. HP: 24/24 MP: 2/2
   113 | D:4      | Reached XP level 3. HP: 29/29 MP: 3/3
   151 | D:4      | Found a hide-covered altar of Uskayaw.
   395 | D:4      | Found a snail-covered altar of Cheibriados.
   439 | D:4      | Splashed by a jelly's acid

Illustrated notes

Levels and vault maps discovered:
D:4:      layout_loops_ring, eat_drink_and_be_merry_uskayaw, fedhas_altar_1,
          mainiacjoe_overflow_boulevard
D:5:      layout_rooms, serial_glass, glass_columns_a, glass_columns_a

Skill      XL: |  1 |
---------------+----+-----
Axes           | 2 |  2.9
Fighting       | |  3.0
Polearms       | |  2.0
Dodging        | |  2.0
Stealth        | |  5.0

Action                   || total
-------------------------++-------
Melee: Spear             ||    54
  Use: Scroll            ||     1
       Potion            ||     1
 Stab: Sleeping          ||     1
Armor: Leather armour    ||     6
Dodge: Dodged            ||    13

Table legend: (Time is in decaauts)
 A = Elapsed time spent in this place.
 B = Non-inter-level travel time spent in this place.
 C = Inter-level travel time spent in this place.
 D = Time resting spent in this place.
 E = Time spent auto-exploring this place.
 F = Levels seen in this place.
 G = Mean time per level.
                   A        B        C        D        E       F      G
               +--------+--------+--------+--------+--------+-----+--------+
         Total |    418 |    407 |     11 |    138 |    122 |   2 |  209.0 |
       Dungeon |    418 |    407 |     11 |    138 |    122 |   2 |  209.0 |
               +--------+--------+--------+--------+--------+-----+--------+

Top non-repeatable levels by time:
     D:4: 405 daAuts
     D:5: 13 daAuts
